 Dungeon Sprint DCSS version 0.29-a0-775-g4d7333d4e2 (webtiles) character file.

Game seed: 13264111574340587302

2069 mhtbhm the Unseen (level 9, -2/41 HPs)
             Began as a Spriggan Enchanter on July 2, 2022.
             Was a Believer of Sif Muna.
             Slain by a sixfirhy (5 damage)
             ... summoned by a kobold demonologist
             ... in the Dungeon (Sprint I: "Red Sonja").
             The game lasted 00:02:26 (490 turns).

mhtbhm the Unseen (Spriggan Enchanter)               Turns: 490, Time: 00:02:27

Health: -2/41      AC:  2    Str:  4    XL:     9   Next: 5%
Magic:  14/23      EV: 22    Int: 17    God:    Sif Muna [**....]
Gold:   472        SH:  0    Dex: 19    Spells: 16/27 levels left

rFire   . . .      SeeInvis +   a - +1 dagger
rCold   . . .      Faith    .   (no shield)
rNeg    . . .      Spirit   .   b - +0 robe
rPois   .          Reflect  .   (helmet restricted)
rElec   .          Harm     .   (no cloak)
rCorr   .          Rampage  .   (gloves unavailable)
Will    +....      NoTele   +   (boots unavailable)
Stlth   +++++++...              (no amulet)
HPRegen 0.13/turn               (no ring)
MPRegen 0.18/turn               (no ring)

@: invisible, very quick
A: very small, no large weapons, unfitting armour, see invisible, speed 3
a: Renounce Religion, Channel Magic


You were in the Dungeon.
You worshipped Sif Muna.
Sif Muna was pleased with you.
You visited 1 branch You collected 631 gold pieces.
You spent 159 gold pieces at shops.

Inventory:

Hand Weapons
 a - a +1 dagger (weapon)
Missiles
 k - 3 curare-tipped darts (quivered)
Armour
 b - a +0 robe (worn)
Wands
 h - a wand of iceblast (16)
 n - a wand of paralysis (6)
Scrolls
 j - a scroll of identify {unknown}
 m - a scroll of enchant armour {unknown}
Potions
 c - 2 potions of invisibility
 d - 2 potions of curing
 e - a potion of heal wounds
 f - a potion of haste
 g - 2 potions of magic
 l - a potion of mutation {unknown}


   Skills:
 + Level 1.2 Fighting
 + Level 5.3 Short Blades
 + Level 7.9 Dodging
 + Level 19.5 Stealth
 + Level 9.8 Spellcasting
 + Level 13.8 Hexes
 + Level 2.1 Ice Magic


You had 16 spell levels left.
You knew the following spells:

 Your Spells              Type           Power      Damage    Failure   Level
a - Ensorcelled Hibernat  Hex/Ice        70%        N/A       1%          2
b - Confusing Touch       Hex            53%        N/A       1%          3
c - Tukima's Dance        Hex            53%        N/A       1%          3
d - Dazzling Flash        Conj/Hex       62%        N/A       1%          3

Your spell library contained the following spells:

 Spells                   Type           Power      Damage    Failure   Level


Dungeon Overview and Level Annotations

Branches:
Dungeon (1/1)

Altars:
Cheibriados
Dithmenos
Elyvilon
Fedhas
Gozag
Hepliaklqana
Kikubaaqudgha
Makhleb
Nemelex Xobeh
Okawaru
Qazlal
Ru
Sif Muna
Trog
Uskayaw
Vehumet
Wu Jian
Xom
Yredelemnul
Zin
The Shining One
Jiyva
Lugonu

Shops:
D !*[


Innate Abilities, Weirdness & Mutations

You are very small and have problems with some larger weapons.
You are too small for most types of armour.
You have supernaturally acute eyesight. (SInv)
You cover ground extremely quickly. (Speed+++)


Message History

The sixfirhy is heavily wounded.
The iceblast engulfs the quasit.
The quasit partially resists.
The quasit is severely wounded.
The iceblast engulfs the hellwing.
The hellwing is heavily wounded.
The hellwing hits you! The hellwing closely misses you.
The quasit closely misses you. The quasit completely misses you.
The quasit misses you.
Unknown command.
Unknown command.
You catch the helpless quasit completely off-guard!
You hit the quasit but do no damage.
The quasit appears confused.
The quasit is severely wounded.
The hellwing closely misses you. The hellwing hits you.
Unknown command.
You hit the hellwing but do no damage.
The hellwing is heavily wounded.
The quasit completely misses you. The quasit misses you.
The quasit closely misses you.
The quasit completely misses the sixfirhy.
The quasit barely misses the sixfirhy.
The quasit misses the sixfirhy.
You barely miss the hellwing.
The hellwing is heavily wounded.
The hellwing gives a chilling moan.
The sixfirhy completely misses you.
Unknown command.
You barely miss the sixfirhy.
The sixfirhy is moderately wounded.
The quasit completely misses you. x2; The quasit misses you.
The sixfirhy hits you. The sixfirhy shocks you!
* * * LOW HITPOINT WARNING * * *
The quasit completely misses you. The quasit misses you.
The quasit completely misses you.
Unknown command.
You catch the helpless rust devil completely off-guard!
You spit the rust devil like a pig!!!
You kill the rust devil!
The rust devil disappears in a puff of smoke!
The sixfirhy hits you.
You die...

##################
.#.)'..#__#.5545@#
.'..#..'..'..#K§3#
'#####'#__####...+
.#...#.#### #####
##..##.# _##'#_.+
..'..._#
_##_.#'##+###
_###'#(#[...###


You could see a hellwing (summoned, wandering, unable to see you), a kobold
demonologist (unable to see you), a sixfirhy (summoned, unable to see you), a
quasit (summoned, confused, unable to see you), a white imp (summoned, unable to
see you) and a shadow imp (summoned, unable to see you).

Vanquished Creatures
  Sonja (D)
  A deep troll (D)
  A kobold demonologist (D)
  A slime creature (D)
  Sigmund (D)
  A yak (D)
  A floating eye (D)
  An ogre (D)
  A jelly (D)
  Ijyb (D)
10 creatures vanquished.

Notes
Turn   | Place    | Note
-------+----------+-------------------------------------------
     0 | D        | mhtbhm the Spriggan Enchanter began the quest for the Orb.
     0 | D        | Reached XP level 1. HP: 9/9 MP: 5/5
     1 | D        | Noticed Ijyb
    10 | D        | Killed Ijyb
    11 | D        | Reached skill level 6 in Stealth
    11 | D        | Reached skill level 5 in Hexes
    11 | D        | Reached XP level 2. HP: 13/13 MP: 5/7
    96 | D        | Learned a level 2 spell: Ensorcelled Hibernation
    97 | D        | Noticed an ogre
   102 | D        | Killed an ogre
   103 | D        | Reached skill level 9 in Stealth
   103 | D        | Reached skill level 5 in Spellcasting
   103 | D        | Reached XP level 3. HP: 16/16 MP: 7/10
   103 | D        | Reached XP level 4. HP: 21/21 MP: 8/12
   233 | D        | Learned a level 3 spell: Confusing Touch
   237 | D        | Learned a level 3 spell: Tukima's Dance
   241 | D        | Learned a level 3 spell: Dazzling Flash
   243 | D        | Noticed Sigmund
   246 | D        | Killed Sigmund
   247 | D        | Reached skill level 5 in Dodging
   247 | D        | Reached skill level 12 in Stealth
   247 | D        | Reached skill level 10 in Hexes
   247 | D        | Reached XP level 5. HP: 24/24 MP: 12/14
   247 | D        | Reached XP level 6. HP: 28/28 MP: 13/16
   260 | D        | Found an ornate altar of the Wu Jian Council.
   260 | D        | Found a shimmering blue altar of Sif Muna.
   262 | D        | Found a radiant altar of Vehumet.
   280 | D        | Became a worshipper of Sif Muna the Loreminder
   300 | D        | Found Lumnem Unea's General Store.
   300 | D        | Found an ancient bone altar of Kikubaaqudgha.
   300 | D        | Found a hazy altar of Hepliaklqana.
   300 | D        | Found a stormy altar of Qazlal.
   300 | D        | Found a hide-covered altar of Uskayaw.
   300 | D        | Found a blossoming altar of Fedhas.
   300 | D        | Found a bloodstained altar of Trog.
   300 | D        | Found an iron altar of Okawaru.
   300 | D        | Found a basalt altar of Yredelemnul.
   300 | D        | Found a glowing golden altar of the Shining One.
   300 | D        | Found a snail-covered altar of Cheibriados.
   300 | D        | Found a sacrificial altar of Ru.
   300 | D        | Found a glowing silver altar of Zin.
   300 | D        | Found a shadowy altar of Dithmenos.
   300 | D        | Found a white marble altar of Elyvilon.
   300 | D        | Noticed a yak
   303 | D        | Killed a yak
   304 | D        | Reached skill level 13 in Stealth
   304 | D        | Found an opulent altar of Gozag.
   305 | D        | Found a sparkling altar of Nemelex Xobeh.
   309 | D        | Bought a potion of heal wounds for 55 gold pieces
   343 | D        | Noticed Sonja
   347 | D        | Killed Sonja
   348 | D        | Reached skill level 16 in Stealth
   348 | D        | Reached skill level 1 in Ice Magic
   348 | D        | Reached XP level 7. HP: 32/32 MP: 18/20
   348 | D        | Reached XP level 8. HP: 37/37 MP: 18/21
   366 | D        | Found Siorudgh's Distillery.
   374 | D        | Bought a potion of invisibility for 104 gold pieces
   386 | D        | Noticed a deep troll
   390 | D        | Killed a deep troll
   390 | D        | Reached * piety under Sif Muna
   391 | D        | Reached skill level 18 in Stealth
   400 | D        | Found Dumyeph's Armour Emporium.
   441 | D        | Found a burning altar of Makhleb.
   441 | D        | Found a viscous altar of Jiyva.
   441 | D        | Found a shimmering altar of Xom.
   441 | D        | Found a corrupted altar of Lugonu.
   441 | D        | Noticed a slime creature
   444 | D        | Killed a slime creature
   460 | D        | Noticed a kobold demonologist
   461 | D        | Noticed a kobold demonologist
   465 | D        | Paralysed by a floating eye for 3 turns
   470 | D        | Noticed a sun demon
   470 | D        | Noticed a rust devil
   474 | D        | Killed a kobold demonologist
   475 | D        | Reached skill level 1 in Fighting
   475 | D        | Reached skill level 5 in Short Blades
   475 | D        | Reached skill level 19 in Stealth
   475 | D        | Reached XP level 9. HP: 36/41 MP: 15/23
   475 | D        | Noticed a hellwing
   478 | D        | Noticed a sixfirhy
   478 | D        | Reached ** piety under Sif Muna
   490 | D        | Slain by a sixfirhy

Illustrated notes

Levels and vault maps discovered:
D:        dungeon_sprint_1 [red_sonja_temple_1, red_sonja_temple_small_1]

Skill      XL: |  1  2  3  4  5  6  7  8 |
---------------+-------------------------+-----
Dodging        | 3 4 5 7 |  7.9
Stealth        | 6 9 12 16 19 | 19.5
Spellcasting   | 3 5 6 8 9 |  9.8
Hexes          | 5 8 10 12 13 | 13.8
Short Blades   | 2 4 5 |  5.3
Ice Magic      | 1 2 |  2.1
Fighting       | 1 |  1.2

Action                   |  1- 3 |  4- 6 |  7- 9 || total
-------------------------+-------+-------+-------++-------
Melee: Dagger            |     7 |     4 |    16 ||    27
 Cast: Ensorcelled Hiber |       |     3 |       ||     3
       Dazzling Flash    |       |       |     3 ||     3
       Confusing Touch   |       |       |     1 ||     1
Evoke: Wand              |     1 |       |     3 ||     4
  Use: Potion            |     1 |       |     2 ||     3
       Scroll            |       |       |     1 ||     1
 Stab: Sleeping          |     2 |     4 |     2 ||     8
       Invisible         |       |       |     4 ||     4
Armor: Robe              |       |       |     1 ||     1
Dodge: Dodged            |     4 |     1 |    20 ||    25

Table legend: (Time is in decaauts)
 A = Elapsed time spent in this place.
 B = Non-inter-level travel time spent in this place.
 C = Inter-level travel time spent in this place.
 D = Time resting spent in this place.
 E = Time spent auto-exploring this place.
 F = Levels seen in this place.
 G = Mean time per level.
                   A        B        C        D        E       F      G
               +--------+--------+--------+--------+--------+-----+--------+
         Total |    429 |    429 |      0 |    226 |      0 |   1 |  429.0 |
       Dungeon |    429 |    429 |      0 |    226 |      0 |   1 |  429.0 |
               +--------+--------+--------+--------+--------+-----+--------+

Top non-repeatable levels by time:
       D: 429 daAuts
